 Dungeon Crawl Stone Soup version 0.29-a0-834-g1e95ca9f62 (webtiles) character file.

Game seed: 2891369980863887502

27 purpskrrrp the Sneak (level 3, -1/16 HPs)
             Began as a Vine Stalker Enchanter on July 12, 2022.
             Slain by an endoplasm (2 damage)
             ... on level 2 of the Dungeon.
             The game lasted 00:03:47 (970 turns).

purpskrrrp the Sneak (Vine Stalker Enchanter)        Turns: 970, Time: 00:03:48

Health: -1/16      AC:  2    Str: 10    XL:     3   Next: 10%
Magic:  0/7        EV: 12    Int: 15    God:
Gold:   67         SH:  0    Dex: 16    Spells: 7/7 levels left

rFire   . . .      SeeInvis .   a - +1 dagger
rCold   . . .      Faith    .   (no shield)
rNeg    . . .      Spirit   +   b - +0 robe
rPois   .          Reflect  .   (no helmet)
rElec   .          Harm     .   (no cloak)
rCorr   .          Rampage  .   (no gloves)
Will    .....                   (no boots)
Stlth   +++.......              (no amulet)
HPRegen 0.05/turn               (no ring)
MPRegen 0.10/turn               (no ring)

@: invisible (expiring)
A: fangs 2, magic shield, antimagic bite, no potion heal 2
a: no special abilities


You were on level 2 of the Dungeon.
You visited 1 branch of the dungeon, and saw 2 of its levels.

You collected 67 gold pieces.

Inventory:

Hand Weapons
 a - a +1 dagger (weapon)
Missiles
 d - 3 atropa-tipped darts (quivered)
Armour
 b - a +0 robe (worn)
 l - a +1 pair of boots
Magical Staves
 g - a staff of earth
Scrolls
 e - a scroll of torment
Potions
 c - a potion of invisibility
 k - a potion of curing
 m - a potion of lignification {unknown}


   Skills:
 + Level 1.1 Short Blades
 + Level 1.6 Dodging
 + Level 4.2 Stealth
 + Level 2.5 Spellcasting
 + Level 3.4 Hexes


You had 7 spell levels left.
You didn't know any spells.
Your spell library contained the following spells:

 Spells                   Type           Power      Damage    Failure   Level
 Ensorcelled Hibernation  Hex/Ice        14%        N/A       16%         2
 Confusing Touch          Hex            12%        N/A       16%         3
 Tukima's Dance           Hex            12%        N/A       16%         3
 Dazzling Flash           Conj/Hex       14%        N/A       30%         3


Dungeon Overview and Level Annotations

Branches:
Dungeon (2/15)

Altars:

Shops:
D:1 :


Innate Abilities, Weirdness & Mutations

You have extremely sharp teeth.
When hurt, damage is shared between your health and your magic reserves.
Your bite disrupts and absorbs the magic of your enemies.
Potions cannot restore your health.


Message History

There is a stone staircase leading up here.
The endoplasm quivers.
You hit the orc. Your bite misses the orc.
The orc is heavily wounded.
The orc barely misses you. The orc closely misses you. x2
You hit the orc.
The orc is severely wounded.
The orc hits you with a +0 mace. The orc closely misses you.
The orc barely misses you.
You hit the orc. Your bite misses the orc.
The orc is almost dead.
The endoplasm closely misses you. The orc barely misses you.
The orc closely misses you. x2
You barely miss the orc.
The orc is almost dead.
The endoplasm misses you. The orc hits you with a +0 mace.
The orc hits you with a +0 flail! The orc hits you with a +0 mace.
You are too injured to fight recklessly!
You are too injured to fight recklessly!
You are too injured to fight recklessly!
You are too injured to fight recklessly!
You hit the orc.
You kill the orc!
The endoplasm freezes you.
* * * LOW HITPOINT WARNING * * *
The orc barely misses you. The orc closely misses you.
You have reached level 3!
Your experience leads to an increase in your attributes!
Increase (S)trength, (I)ntelligence, or (D)exterity?
You feel agile. x2
You hit the endoplasm.
The endoplasm is lightly wounded.
The endoplasm closely misses you. The orc misses you.
You catch the helpless orc completely off-guard!
You puncture the orc!
You kill the orc!
You flicker for a moment.
The endoplasm hits you but does no damage.
The endoplasm hits you.
You die...

. .# #. . #.# .
... .#
###.#####.#
##.........# #
#......@Jo#....
#......<)[..#
#.#..#)........
#..[.##.).##.
#.##. ...... #
.. ...... ...
.#### ### .#


You could see an orc (unable to see you) and an endoplasm.

Vanquished Creatures
  2 orcs (D:2)
  3 ball pythons (D:1)
  A bat (D:1)
  3 endoplasms (D:1)
  A giant cockroach (D:1)
  5 goblins (D:1)
  A hobgoblin (D:1)
  A frilled lizard (D:1)
  3 kobolds (D:1)
  2 rats (D:1)
22 creatures vanquished.

Notes
Turn   | Place    | Note
-------+----------+-------------------------------------------
     0 | D:1      | purpskrrrp the Vine Stalker Enchanter began the quest for
                  | the Orb.
     0 | D:1      | Reached XP level 1. HP: 9/9 MP: 4/4
   118 | D:1      | Found a faded altar of an unknown god.
   132 | D:1      | Reached XP level 2. HP: 12/13 MP: 6/6
   137 | D:1      | Reached skill level 4 in Stealth
   233 | D:1      | Found Zytepuzo's Vocational Training.
   457 | D:1      | Reached skill level 1 in Short Blades
   968 | D:2      | Reached XP level 3. HP: 1/16 MP: 1/7
   970 | D:2      | Slain by an endoplasm

Illustrated notes

Levels and vault maps discovered:
D:1:      enne_arrival_octagon_isle, layout_loops_ring,
          ebering_ecumenical_altar_abandoned, nicolae_shop_vocational
D:2:      layout_loops_cross, basic_altar

Skill      XL: |  1  2 |
---------------+-------+-----
Stealth        | 4 |  4.2
Short Blades   | 1 |  1.1
Dodging        | |  1.6
Spellcasting   | |  2.5
Hexes          | |  3.4

Action                   || total
-------------------------++-------
Melee: Dagger            ||    54
       Bite              ||    12
  Use: Scroll            ||     5
       Potion            ||     1
 Stab: Sleeping          ||     7
       Invisible         ||     1
Armor: Robe              ||     7
Dodge: Dodged            ||    36

Table legend: (Time is in decaauts)
 A = Elapsed time spent in this place.
 B = Non-inter-level travel time spent in this place.
 C = Inter-level travel time spent in this place.
 D = Time resting spent in this place.
 E = Time spent auto-exploring this place.
 F = Levels seen in this place.
 G = Mean time per level.
                   A        B        C        D        E       F      G
               +--------+--------+--------+--------+--------+-----+--------+
         Total |    968 |    933 |     35 |     46 |    701 |   2 |  484.0 |
       Dungeon |    968 |    933 |     35 |     46 |    701 |   2 |  484.0 |
               +--------+--------+--------+--------+--------+-----+--------+

Top non-repeatable levels by time:
     D:1: 958 daAuts
     D:2: 10 daAuts
